Unix NetHack Version 3.7.0-102 Work-in-progress - last build Apr 7 2024 00:22:53 (d302a6a9ff6341f1a922d8f5af178406b35fdf99,branch:master). Game began 2024-04-30 11:56:59, ended 2024-04-30 12:00:16. post163, lawful male human Knight -- -- |.--.--------- |............-- - -............-- . ............|---- . `..........|.... .`------- ..........- ........ -- ----- ----......------.....# |...........>.................-- |..........^..Gb).@..--........--- --- -----.........u...G..........#- |........----...<.........#.#.- |...|..--- --..-.......G..#.-- --..|.`| -..............-- .. ..- ....----.....h.... ..--.. |....| -........-- --- -(. -...-- ---.....| ... ...-- --...| --.-- --.-- - -- -- -- Post163 the Gallant St:14 Dx:8 Co:11 In:9 Wi:15 Ch:18 Lawful S:281 Dlvl:5 $:27 HP:0(16) Pw:6(6) AC:3 Xp:1/1 T:292 Conf Latest messages: The gnome is killed! In what direction? 4 You mount the saddled pony. The '-' prefix should be followed by a movement command. You can't go down here. Where do you want to travel to? (For instructions type a '?') You hear crashing rock. You descend the stairs. You climb up the stairs. A board beneath the acid blob squeaks a G sharp loudly. You've been through the dungeon on a pony with no name. The saddled pony misses the gnome. The saddled pony bites the gnome. You swap places with your saddled pony. The saddled pony hits the gnome. The saddled pony bites the gnome. The gnome hits the saddled pony. The saddled pony misses the gnome. The saddled pony misses the gnome. The saddled pony misses the gnome. The saddled pony bites the gnome. The saddled pony misses the gnome. The saddled pony misses the gnome. The saddled pony hits the gnome. The gnome is killed! The gnome picks up 11 stones. The gnome shoots an arrow! An arrow misses you. The saddled pony picks up a tripe ration. You see here an arrow. You stop. Your saddled pony is in the way! The saddled pony drops a tripe ration. You see here a tripe ration. There is a tripe ration here; eat it? [ynq] (n) y Yak - dog food! You finish eating the tripe ration. The gnome picks up 4 darts. You feel slightly confused. You swap places with your saddled pony. The gnome picks up a food ration. In what direction? 2 You slip while trying to get on the saddled pony. You slip while trying to get on the saddled pony. You die... Do you want your possessions identified? [ynq] (y) n Do you want to see your attributes? n Do you want an account of creatures vanquished? [ynaq] (y) n Do you want to see your conduct and achievements? n Do you want to see the dungeon overview? [ynq] (y) y Inventory: Post163 the Knight's attributes: Background: You were a Gallant, a level 1 male human Knight. You were lawful, on a mission for Lugh who was opposed by Brigit (neutral) and Manannan Mac Lir (chaotic). You were right-handed. You were in the Gnomish Mines, on level 5. You entered the dungeon 292 turns ago. You had 1 experience point, 19 more were needed to attain level 2. Your score was 281 before end-of-game adjustments. Basics: You had 0 out of 16 hit points. You had all 6 energy points (spell power). Your armor class was 3. Your wallet contained 27 zorkmids. Autopickup was off. Final Characteristics: Your strength was 14 (limit:18/100). Your dexterity was 8 (limit:18). Your constitution was 11 (limit:18). Your intelligence was 9 (limit:18). Your wisdom was 15 (limit:18). Your charisma was 18 (limit:18). Final Status: You were nauseated. You were confused. You weren't hungry. You were unencumbered. You were wielding a long sword. You had basic skill with long sword. Final Attributes: You were fervently aligned. You could jump. You were warded. You are dead. Miscellaneous: You never encountered a bones level. Total elapsed playing time was 3 minutes and 16 seconds. Major events: Turn 1: post163 the lawful male human Knight entered the dungeon 223: entered the Gnomish Mines 292: slipped while mounting a saddled pony Vanquished creatures: 8 gnomes a jackal a kobold a lichen a newt 12 creatures vanquished. No species were genocided or became extinct. Voluntary challenges: You never hit with a wielded weapon. You were a pacifist. You were illiterate. You never engraved Elbereth. You never genocided any monsters. You never polymorphed an object. You never changed form. You used no wishes. Achievement: You entered the Gnomish Mines. The Dungeons of Doom: levels 1 to 3 Level 1: A fountain, a sink. Level 2: Level 3: A grave. Stairs down to The Gnomish Mines. The Gnomish Mines: levels 4 to 6 Level 4: Level 5: <- You were here. Final resting place for you, slipped while mounting a saddled pony. Level 6: Game over: ---------- / \ / REST \ / IN \ / PEACE \ / \ | post163 | | 27 Au | | slipped while | | mounting a | | saddled pony | | | | 2024 | *| * * * | * _________)/\\_//(\/(/\)/\//\/|_)_______ Fare thee well post163 the Knight... You died in The Gnomish Mines on dungeon level 5 with 279 points, and 27 pieces of gold, after 292 moves. You were level 1 with a maximum of 16 hit points when you died.